AoeStats
← Goffs

Arabia

507396320Analyzed
1v1 RM · 15d ago on Sep 18, 2026· 29m 58s· 2 players
Game mode
Random Map
Map size
Tiny (2 player)
Population
200
Speed
Normal
Resources
Standard
Victory
Conquest
Starting age
Dark Age
Ending age
Imperial Age
RankedLock teamsTeams togetherTeam positionsShared explorationLock speedFull tech treeHidden civsTurbo modeCheats
Victory
Defeat
🇦🇷 Romans · Argentina
1134
+18
🇦🇷 Magyars · Argentina
1172
-18
Barbazul956
6:00 Loom
10:11 Feudal Age
11:43 Double-Bit Axe
18:40 Wheelbarrow
21:49 Castle Age
19:48 Gold Mining
20:40 Horse Collar
21:45 Bloodlines
22:46 Husbandry
22:57 Scale Barding Armor
25:31 Chain Barding Armor
26:34 Town Watch
29:21 Bow Saw
30:01 Forging
Goffs
8:01 Loom
10:16 Feudal Age
12:42 Scale Barding Armor
15:03 Horse Collar
18:58 Double-Bit Axe
22:55 Castle Age
21:41 Fletching
22:08 Bloodlines
23:29 Wheelbarrow
22:46 Gold Mining
25:17 Bodkin Arrow
27:31 Thumb Ring
28:20 Bow Saw
Connection lost

Rejoining the realm…

Still unreachable

The connection could not be restored.

Session expired

The server has moved on; the page needs a fresh start.